 Dungeon Crawl Stone Soup version 0.26-a0-670-g578ab304f5 (webtiles) character file.

Game seed: 7050465225308070086

1046 ANON1729 the Slasher (level 8, -2/57 HPs)
             Began as an Octopode Chaos Knight on Oct 19, 2020.
             Was a Plaything of Xom.
             Slain by a hornet (7 damage)
             ... on level 5 of the Dungeon.
             The game lasted 00:08:32 (5915 turns).

ANON1729 the Slasher (Octopode Chaos Knight)        Turns: 5915, Time: 00:08:33

Health: -2/57      AC:  1    Str: 14      XL:     8   Next: 25%
Magic:  8/8        EV: 16    Int: 13 (14) God:    Xom [*.....]
Gold:   185        SH:  5    Dex: 12 (13) Spells: 7/7 levels left

rFire    + . .     SeeInvis .   a - +0 falchion (chaos)
rCold    x . .     Faith    .   (no shield)
rNeg     . . .     Spirit   .   (helmet restricted)
rPois    +         Reflect  +   i - amulet of reflection
rElec    .         Harm     .   r - ring of poison resistance
rCorr    +         Rampage  .   p - ring of resist corrosion
MR       .....                  l - ring of fire
Stlth    ++........             (no ring)
HPRegen  0.19/turn              (no ring)
MPRegen  0.11/turn              (no ring)
                                (no ring)
                                (no ring)

@: slowed, very slow
A: almost no armour, stealthy swim, amphibious, 8 rings, constrict 8, tentacle
spike 1, camouflage 1, agile 1, blurry vision 2, deterioration 1, wild magic 1,
gelatinous body 1
a: Renounce Religion


You were on level 5 of the Dungeon.
You worshipped Xom.
You were a special plaything of Xom.
You visited 1 branch of the dungeon, and saw 5 of its levels.

You collected 185 gold pieces.

Inventory:

Hand Weapons
 a - a +0 falchion of chaos (weapon)
Jewellery
 i - an amulet of reflection (around mantle)
 l - a ring of fire (on tentacle)
 p - a ring of resist corrosion (right tentacle)
 r - a ring of poison resistance (left tentacle)
Scrolls
 b - 3 scrolls of teleportation {unknown}
 c - 2 scrolls of random uselessness {unknown}
 d - 2 scrolls of enchant weapon {unknown}
 e - 5 scrolls of identify {unknown}
 g - a scroll of amnesia {unknown}
 k - a scroll of immolation {unknown}
 m - 3 scrolls of remove curse {unknown}
 s - a scroll of noise {unknown}
 u - 2 scrolls of fear {unknown}
 v - a scroll of magic mapping {unknown}
Potions
 f - a potion of haste {unknown}
 h - a potion of might {unknown}
 j - a potion of lignification {unknown}
 n - 2 potions of invisibility {unknown}
 o - a potion of mutation {unknown}
 q - 4 potions of curing {unknown}
 t - 2 potions of flight {unknown}


   Skills:
 + Level 6.1 Fighting
 + Level 6.2 Long Blades
 + Level 5.8 Dodging


You had 7 spell levels left.
You didn't know any spells.
Your spell library was empty.

Dungeon Overview and Level Annotations

Branches:
Dungeon (5/15)
 Temple: D:4-7

Altars:
Elyvilon
Vehumet
Xom
Yredelemnul

Shops:
D:4 *

Annotations:
D:4 1 runed translucent door, Askman's ghost, amateur DEIE
D:5 exclusion: door


Innate Abilities, Weirdness & Mutations

You cannot wear most types of armour.
You are very stealthy in the water. (Stealth+)
You are amphibious.
You can wear up to eight rings at the same time.
You can use your tentacles to constrict eight enemies at once.
Your skin changes colour to match your surroundings (Stealth+).
Your rubbery body absorbs attacks. (AC +1, EV +1)
One of your tentacles bears a spike.
You are agile. (Dex +2)
Scrolls take you longer to read.
Your body sometimes deteriorates upon taking damage.
Your spells are a little harder to cast, but a little more powerful.


Message History

The hornet is heavily wounded.
You feel yourself speed up.
You constrict the hornet, but do no damage.
The hornet stings you!
Your body deteriorates!
You feel clumsy.
You feel yourself slow down. You block the hornet's attack.
The hornet misses you. The hornet completely misses you.
You hit the hornet. You freeze the hornet.
The hornet is severely wounded.
You feel yourself speed up.
You constrict the hornet.
Xom makes a sudden noise!
You hear a twanging sound.
You hear an angry hiss.
The hornet stings you!
Your body deteriorates!
You feel dopey.
You feel yourself slow down. The hornet stings you!
* * * LOW HITPOINT WARNING * * *
The hornet stings you!
You die...
Xom thinks this is hilarious!

# #..#######..# #######.
#.## #.## .....##.####.#
#####.#
.....##....#.####.....##
.P...##................#
.....##....#..........##
JJ÷..##....#..###.###.#
JP÷..##......###..# #.#
###.# ##.......y@## #.#
JJ.## ##.......### #.#
##### #........# ##(#
######## ....#
#...###..# #..#
##.....#. ....###...#
#..# #.####........
....##....#+#..# #.#
#.........
....##..<)....## #.#
#.......>.
....##(#)#....# #.#
#.........
)...##.#.#.#########.#
#.........


You could see a hornet (fast).

Vanquished Creatures
  Menkaure (D:4)
  A black bear (D:5)
  2 big kobolds
  A water moccasin zombie (D:5)
  A howler monkey (D:5)
  A jelly (D:5)
  A bullfrog zombie (D:5)
  A bullfrog skeleton (D:4)
  3 orc priests (D:4)
  4 orc wizards
  Jessica (D:3)
  Natasha (twice) (D:3)
  2 worker ants (D:5)
  4 gnolls (D:5)
  4 adders
  An ufetubus (D:5)
  5 oozes
  An adder skeleton (D:4)
  5 worms
  3 dart slugs (D:1)
  5 leopard geckos
  8 orcs
  10 bats
  7 giant cockroaches
  9 goblins
  10 hobgoblins
  12 jackals
  3 quokkas
  A ball python (D:5)
  8 frilled lizards
  11 kobolds
  2 quokka zombies (D:5)
  13 rats
143 creatures vanquished.

Vanquished Creatures (others)
  A dart slug (D:3)
  2 kobolds (D:5)
  5 fungi (D:5)
  10 toadstools (D:5)
18 creatures vanquished.

Grand Total: 161 creatures vanquished

Notes
Turn   | Place    | Note
-------+----------+-------------------------------------------
     0 | D:1      | ANON1729 the Octopode Chaos Knight began the quest for the
                  | Orb.
     0 | D:1      | Reached XP level 1. HP: 16/16 MP: 1/1
    82 | D:1      | Reached XP level 2. HP: 21/21 MP: 2/2
   180 | D:1      | Reached XP level 3. HP: 11/26 MP: 3/3
   457 | D:1      | XOM: silly message
   938 | D:2      | Reached XP level 4. HP: 32/32 MP: 4/4
  1277 | D:2      | XOM: 2-stop teleportation journey
  1303 | D:2      | XOM: scenery: create altars
  1816 | D:2      | XOM: summons 3 hostile demons
  1995 | D:2      | XOM: give mutations
  1995 | D:2      | Gained mutation: You are agile. (Dex +2) [Xom's grace]
  1995 | D:2      | Gained mutation: One of your tentacles bears a spike.
                  | [Xom's grace]
  1995 | D:2      | Gained mutation: You possess an exceptional clarity of
                  | mind. [Xom's grace]
  2279 | D:3      | Noticed Jessica
  2282 | D:3      | XOM: enchant monster (good)
  2286 | D:3      | Killed Jessica
  2286 | D:3      | Reached XP level 5. HP: 13/37 MP: 5/5
  2307 | D:3      | Found a white marble altar of Elyvilon.
  2311 | D:3      | Found a basalt altar of Yredelemnul.
  2644 | D:3      | Noticed Natasha
  2651 | D:3      | Killed Natasha
  2691 | D:3      | XOM: give mutation
  2691 | D:3      | Gained mutation: Your spells are a little harder to cast,
                  | but a little more powerful. [Xom's grace]
  2723 | D:3      | XOM: summons 2 hostile shadow creatures
  2813 | D:3      | Found a radiant altar of Vehumet.
  2989 | D:3      | Noticed Natasha
  3013 | D:3      | Noticed a centaur
  3015 | D:3      | Noticed a swamp drake
  3015 | D:3      | a centaur changed into a swamp drake
  3015 | D:3      | XOM: polymorph centaur -> swamp drake
  3021 | D:3      | XOM: butterfly on damage
  3237 | D:3      | Killed Natasha
  3642 | D:4      | Reached XP level 6. HP: 44/44 MP: 6/6
  3644 | D:4      | Found Qurab's Assorted Antiques.
  4095 | D:4      | XOM: scenery: summon butterflies
  4113 | D:4      | Noticed Menkaure
  4199 | D:4      | XOM: cast spell 'Cause Fear'
  4201 | D:4      | Killed Menkaure
  4384 | D:4      | Found a runed translucent door.
  4384 | D:4      | XOM: 2-stop teleportation journey
  4385 | D:4      | Noticed Askman's ghost (amateur DEIE)
  4392 | D:4      | Reached skill level 5 in Fighting
  4392 | D:4      | Reached skill level 5 in Long Blades
  4392 | D:4      | Reached XP level 7. HP: 50/50 MP: 7/7
  4761 | D:5      | Entered Level 5 of the Dungeon
  4775 | D:5      | Reached skill level 5 in Dodging
  4963 | D:5      | XOM: enchant monster (bad)
  4970 | D:5      | XOM: noise
  4981 | D:5      | XOM: draining
  5012 | D:4      | XOM: divination: magic mapping
  5224 | D:4      | Reached XP level 8. HP: 12/57 MP: 8/8
  5234 | D:4      | XOM: scenery: summon butterflies
  5469 | D:5      | XOM: destruction
  5504 | D:5      | XOM: 1-stop teleportation journey
  5515 | D:5      | XOM: torment (29/57 hp)
  5601 | D:5      | XOM: give mutations
  5601 | D:5      | Lost mutation: You possess an exceptional clarity of mind.
                  | [Xom's mischief]
  5601 | D:5      | Gained mutation: Scrolls take you a little longer to read.
                  | [Xom's mischief]
  5601 | D:5      | Gained mutation: Scrolls take you longer to read. [Xom's
                  | mischief]
  5601 | D:5      | Gained mutation: Your body sometimes deteriorates upon
                  | taking damage. [Xom's mischief]
  5808 | D:5      | Noticed a slime creature
  5909 | D:5      | Noticed a hornet
  5909 | D:5      | XOM: polymorph something unseen -> hornet
  5915 | D:5      | XOM: noise
  5915 | D:5      | Slain by a hornet

Illustrated notes

Levels and vault maps discovered:
D:1:      eino_arrival_water_star, layout_loops_ring, serial_bayou_pond_b
D:2:      layout_basic
D:3:      layout_loops_ring, nicolae_overflow_hidden_temple, minmay_bisected,
          uniq_jessica, uniq_natasha
D:4:      layout_layer_cave, ebering_ghost_reflecting_pool, serial_shops,
          shop_fountains, uniq_menkaure
D:5:      cheibrodos_fertilizer, layout_rooms, kennysheep_vampire_church,
          kennysheep_mini_moat

Skill      XL: |  1  2  3  4  5  6  7  8 |
---------------+-------------------------+-----
Dodging        | 3 4 5 |  5.8
Long Blades    | 4 5 6 |  6.2
Fighting       | 4 5 6 |  6.1

Action                   |  1- 3 |  4- 6 |  7- 9 || total
-------------------------+-------+-------+-------++-------
Melee: Falchion          |    63 |   133 |    92 ||   288
       Constrict         |    18 |    43 |    29 ||    90
       Tentacles         |    14 |    34 |    27 ||    75
       Kick              |       |    33 |    39 ||    72
 Stab: Sleeping          |     7 |     9 |       ||    16
       Distracted        |     2 |       |       ||     2
       Petrified         |       |     1 |       ||     1
       Paralysed         |       |     1 |       ||     1
Armor: Skin              |     7 |     8 |     4 ||    19
Dodge: Dodged            |    58 |    87 |    59 ||   204
Block: Other             |       |       |    24 ||    24
       Reflection        |       |       |     1 ||     1
       Rpst.: Falchion   |    18 |    28 |    13 ||    59

Table legend: (Time is in decaauts)
 A = Elapsed time spent in this place.
 B = Non-inter-level travel time spent in this place.
 C = Inter-level travel time spent in this place.
 D = Time resting spent in this place.
 E = Time spent auto-exploring this place.
 F = Levels seen in this place.
 G = Mean time per level.
                   A        B        C        D        E       F      G
               +--------+--------+--------+--------+--------+-----+--------+
         Total |   5942 |   5687 |    255 |   1657 |   3185 |   5 | 1188.4 |
       Dungeon |   5942 |   5687 |    255 |   1657 |   3185 |   5 | 1188.4 |
               +--------+--------+--------+--------+--------+-----+--------+

Top non-repeatable levels by time:
     D:4: 1854 daAuts
     D:2: 1496 daAuts
     D:3: 998 daAuts
     D:1: 890 daAuts
     D:5: 701 daAuts
